 Dungeon Crawl Stone Soup version 0.29-a0-1052-g6990b1bffc (webtiles) character file.

Game seed: 826790774657040059

23 drugrobin the Sneak (level 2, -3/26 HPs)
             Began as a Demigod Delver on Aug 18, 2022.
             Slain by an elf zombie (5 damage)
             ... in an ossuary.
             The game lasted 00:03:54 (814 turns).

drugrobin the Sneak (Demigod Delver)                 Turns: 814, Time: 00:03:54

Health: -3/26      AC:  3    Str: 13    XL:     2   Next: 54%
Magic:  4/4        EV: 12    Int: 12    God:
Gold:   0          SH:  0    Dex: 15    Spells: 1/1 levels left

rFire   . . .      SeeInvis .   a - +0 hand axe
rCold   . . .      Faith    .   (no shield)
rNeg    . . .      Spirit   .   b - +0 leather armour
rPois   .          Reflect  .   (no helmet)
rElec   .          Harm     .   (no cloak)
rCorr   .          Rampage  .   (no gloves)
Will    .....                   (no boots)
Stlth   +++.......              (no amulet)
HPRegen 0.08/turn               (no ring)
MPRegen 0.09/turn               (no ring)

@: attractive
A: high MP 1, forlorn, divine attributes
a: no special abilities


You were in an ossuary.
You visited 1 branch of the dungeon, and saw 1 of its levels.
You also visited: Ossuary.

Inventory:

Hand Weapons
 a - a +0 hand axe (weapon)
Armour
 b - a +0 leather armour (worn)
 i - a +0 ring mail
Wands
 g - a wand of digging (3)
Scrolls
 c - a scroll of fog
 e - 2 scrolls of fear
 j - a scroll of immolation {unknown}
 k - 3 scrolls of enchant armour {unknown}
 l - a scroll of teleportation {unknown}
Potions
 m - a potion of cancellation


   Skills:
 + Level 3.3 Fighting
 - Level 1.9 Axes
 - Level 2.0 Dodging
 - Level 4.6 Stealth


You had one spell level left.
You didn't know any spells.
Your spell library was empty.

Dungeon Overview and Level Annotations

Branches:
Dungeon (5/15)            Ossuary (1/1)
 Temple: D:4-7


Innate Abilities, Weirdness & Mutations

You have an increased reservoir of magic. (+10% MP)
You shall have no god before yourself.
Your divine heritage dramatically boosts your attributes as you level up.


Message History

Press: ? - help, Q - select action Shift-Dir - straight line, f/p - elf zombie
Aim: an elf zombie (moderately damaged, 59% to hit)
You throw a javelin.
The javelin pierces through the elf zombie.
The elf zombie is moderately damaged.
The elf zombie hits you.
* * * LOW HITPOINT WARNING * * *
Unknown command.
Unknown command.
Unknown command.
You completely miss the elf zombie.
The elf zombie is moderately damaged.
The elf zombie closely misses you.
Unknown command.
You closely miss the elf zombie.
The elf zombie is moderately damaged.
The elf zombie misses you.
Unknown command.
You closely miss the elf zombie.
The elf zombie is moderately damaged.
The elf zombie hits you.
* * * LOW HITPOINT WARNING * * *
Unknown command.
Unknown command.
You hit the elf zombie.
The elf zombie is moderately damaged.
The elf zombie hits you but does no damage.
Unknown command.
Unknown command.
You closely miss the elf zombie. You punch the elf zombie.
The elf zombie is moderately damaged.
The elf zombie hits you.
* * * LOW HITPOINT WARNING * * *
Unknown command.
Unknown command.
Unknown command.
You hit the elf zombie.
The elf zombie is heavily damaged.
The elf zombie hits you.
You die...

######################
#.........∩Z.........#
#..........Z..Z...Z..#
#...##############Z..#
#...#(.Z@#...#...#...#
#...#.####...#...#Z.Z#
#...#........'####ZZ.#
#...######.∩.....#..Z#
#...# #.......#Z..#
#...# #.......#.MZ#
#...#.####.......#...#
#..Z#............#...#
#...#.####..####.#.Z.#


You could see an elf zombie.

Vanquished Creatures
  An adder zombie (Ossuary)
  6 hobgoblin zombies (Ossuary)
  3 jackal zombies (Ossuary)
  11 kobold zombies (Ossuary)
  7 orc zombies (Ossuary)
28 creatures vanquished.

Notes
Turn   | Place    | Note
-------+----------+-------------------------------------------
     0 | D:5      | drugrobin the Demigod Delver began the quest for the Orb.
     0 | D:5      | Reached XP level 1. HP: 18/18 MP: 3/3
    38 | D:5      | Noticed an iguana
    54 | D:5      | Found a sand-covered staircase.
    60 | Ossuary  | Entered an ossuary
   456 | Ossuary  | Reached XP level 2. HP: 26/26 MP: 4/4
   814 | Ossuary  | Slain by an elf zombie

Illustrated notes

Levels and vault maps discovered:
D:5:      layout_loops_ring, enter_ossuary_5
Ossuary:  ossuary_tomb_1

Skill      XL: |  1 |
---------------+----+-----
Dodging        | 2 |  2.0
Fighting       | 3 |  3.3
Axes           | |  1.9
Stealth        | |  4.6

Action                   || total
-------------------------++-------
Melee: Hand axe          ||   104
       Punch             ||     2
Throw: Javelin           ||     7
  Use: Scroll            ||     1
       Potion            ||     4
Armor: Leather armour    ||    33
Dodge: Dodged            ||    51

Table legend: (Time is in decaauts)
 A = Elapsed time spent in this place.
 B = Non-inter-level travel time spent in this place.
 C = Inter-level travel time spent in this place.
 D = Time resting spent in this place.
 E = Time spent auto-exploring this place.
 F = Levels seen in this place.
 G = Mean time per level.
                   A        B        C        D        E       F      G
               +--------+--------+--------+--------+--------+-----+--------+
         Total |    819 |    819 |      0 |    282 |     87 |   2 |  409.5 |
       Dungeon |     60 |     60 |      0 |      0 |      0 |   1 |   60.0 |
       Ossuary |    759 |    759 |      0 |    282 |     87 |   1 |  759.0 |
               +--------+--------+--------+--------+--------+-----+--------+

Top non-repeatable levels by time:
 Ossuary: 759 daAuts
     D:5: 60 daAuts
